 Dungeon Crawl Stone Soup version 0.27.1-34-g3ba077fa99 (webtiles) character file.

Game seed: 15352182135249653100

16605 Delamore the Unseen (level 12, -24/77 HPs)
             Began as an Octopode Brigand on Feb 11, 2022.
             Was an Initiate of Gozag.
             Annihilated by a frost giant (31 damage)
             ... on level 11 of the Dungeon.
             The game lasted 00:18:27 (17072 turns).

Delamore the Unseen (Octopode Brigand)             Turns: 17072, Time: 00:18:28

Health: -24/77     AC:  3    Str: 10    XL:     12   Next: 39%
Magic:  12/12      EV: 15    Int: 14    God:    Gozag
Gold:   349        SH:  0    Dex: 18    Spells: 11/11 levels left

rFire    . . .     SeeInvis .   a - +2 dagger (elec)
rCold    . . .     Faith    .   (no shield)
rNeg     . . .     Spirit   .   h - +2 hat
rPois    .         Reflect  .   t - amulet of magic regeneration
rElec    .         Harm     .   q - ring of flight
rCorr    .         Rampage  .   (no ring)
Will     .....                  (no ring)
Stlth    +++++++...             (no ring)
HPRegen  0.22/turn              (no ring)
MPRegen  0.38/turn              (no ring)
                                (no ring)
                                (no ring)

@: mighty, about to teleport, flying, very slightly contaminated, invisible
A: almost no armour, amphibious, 8 rings, camouflage 1, gelatinous body 1,
(nimble swimmer 1), tentacles
a: Renounce Religion, Potion Petition, Call Merchant, Bribe Branch


You were on level 11 of the Dungeon.
You worshipped Gozag.
Gozag was aware of your devotion.
You visited 2 branches of the dungeon, and saw 12 of its levels.

You collected 1528 gold pieces.
You spent 222 gold pieces at shops.
You paid 957 gold pieces to Gozag.

Inventory:

Hand Weapons
 a - a +2 dagger of electrocution (weapon)
Missiles
 b - 12 poisoned darts
 f - 9 silver javelins
 g - 10 atropa-tipped darts
 v - 11 boomerangs
 D - 2 curare-tipped darts (quivered)
Armour
 h - a +2 hat (worn)
Jewellery
 i - an amulet of faith
 q - a ring of flight (left tentacle)
 t - an amulet of magic regeneration (around mantle)
Wands
 n - a wand of flame (53)
 H - a wand of digging (4)
Scrolls
 c - 4 scrolls of brand weapon
 j - 2 scrolls of teleportation
 k - 5 scrolls of enchant weapon
 m - a scroll of fog
 o - 2 scrolls of noise
 r - a scroll of enchant armour
 u - a scroll of vulnerability
 w - 2 scrolls of amnesia
 y - a scroll of holy word {unknown}
 B - 2 scrolls of immolation
Potions
 d - 3 potions of might
 e - 4 potions of lignification {unknown}
 p - 3 potions of flight
 s - 2 potions of attraction {unknown}
 x - a potion of haste {unknown}
 z - a potion of magic {unknown}
 A - 2 potions of mutation {unknown}
 C - 2 potions of ambrosia {unknown}
 F - 2 potions of berserk rage {unknown}
 G - a potion of degeneration {unknown}


   Skills:
 - Level 5.0 Fighting
 - Level 10.0 Short Blades
 + Level 9.0 Throwing
 - Level 5.0 Dodging
 - Level 15.0 Stealth
 + Level 9.5 Evocations


You had 11 spell levels left.
You didn't know any spells.
Your spell library contained the following spells:

 Spells                   Type           Power      Damage    Failure   Level
 Animate Skeleton         Necr           0%         N/A       28%         1
 Apportation              Tloc           0%         N/A       28%         1
 Beastly Appendage        Tmut           0%         N/A       28%         1
 Corona                   Hex            0%         N/A       28%         1
 Magic Dart               Conj           0%         1d3       28%         1
 Sandblast                Erth           0%         2d4       28%         1
 Summon Small Mammal      Summ           0%         N/A       28%         1
 Call Imp                 Summ           0%         N/A       41%         2
 Passwall                 Tmut/Erth      0%         N/A       41%         2
 Slow                     Hex            0%         N/A       41%         2
 Sublimation of Blood     Necr           0%         N/A       41%         2
 Wereblood                Tmut           0%         N/A       41%         2
 Confusing Touch          Hex            0%         N/A       65%         3
 Mephitic Cloud           Conj/Pois/Air  0%         N/A       65%         3
 Spider Form              Tmut/Pois      0%         N/A       65%         3
 Vampiric Draining        Necr           0%         2d6       65%         3
 Petrify                  Tmut/Erth      0%         N/A       96%         4
 Fireball                 Conj/Fire      0%         3d3       100%        5
 Irradiate                Conj/Tmut      0%         3d14      100%        5
 Lee's Rapid Deconstruct  Erth           0%         3d5*      100%        5
 Starburst                Conj/Fire      0%         6d3       100%        6
 Malign Gateway           Summ/Tloc      0%         N/A       100%        7
 Summon Horrible Things   Summ           0%         N/A       100%        8


Dungeon Overview and Level Annotations

Branches:
Dungeon (11/15)            Temple (1/1) D:4
   Lair: D:8-11         Orc: D:9-12

Altars:
Ashenzari
Cheibriados
Dithmenos
Elyvilon
Fedhas
Gozag
Hepliaklqana
Kikubaaqudgha
Makhleb
Nemelex Xobeh
Okawaru
Qazlal
Ru
Sif Muna
Trog
Uskayaw
Vehumet
Wu Jian
Xom
Yredelemnul
Zin
The Shining One

Shops:
D:2 (   D:5 ?   D:8 ?   D:10 :   D:11 *


Innate Abilities, Weirdness & Mutations

You cannot wear most types of armour.
You are amphibious.
You can wear up to eight rings at the same time.
Your skin changes colour to match your surroundings (Stealth+).
Your rubbery body absorbs attacks. (AC +1, EV +1)
((You are camouflaged near water. (Stealth+)))
You have tentacles for arms and can constrict up to eight enemies at once.


Message History

Purchase which effect?
You no longer have enough gold to petition Gozag for potion effects.
You fade into invisibility!
You feel very mighty all of a sudden.
The wolf spider changes into a fire dragon!
Something hits you.
* * * LOW HITPOINT WARNING * * *
The vampire mosquito barely misses you.
The vampire mosquito closely misses you.
The wraith hits the plant.
You are very lightly contaminated with residual magic.
As you read the scroll of teleportation, it crumbles to dust.
You feel strangely unstable. Something barely misses you. Something hits you.
* * * LOW HITPOINT WARNING * * *
The vampire mosquito closely misses you.
A killer bee comes into view.
The vampire mosquito closely misses you.
The wraith hits the plant!
You feel better.
The fire dragon changes into a goliath frog!
Something hits you!
* * * LOW HITPOINT WARNING * * *
Something barely misses you. The vampire mosquito bites you.
* * * LOW HITPOINT WARNING * * *
The vampire mosquito draws strength from your injuries!
The wraith hits the plant!
The wraith drains the plant's vigour!
The vampire mosquito barely misses you.
You feel better. Something barely misses you. x2
The vampire mosquito bites the plant.
The plant begins to die.
The wraith hits the plant!
The wraith drains the plant's vigour!
The vampire mosquito misses you.
The two-headed ogre hits the plant with a +0 giant spiked club!
The plant begins to die.
The two-headed ogre hits the plant with a +0 giant spiked club!!
A nearby plant withers and dies.
The eight-headed hydra seems to regain its courage.
Something hits you!
* * * LOW HITPOINT WARNING * * *
The frost giant hits you with a +0 battleaxe of freezing!!
You die...
Your body crumbles into a pile of gold.

#g #.# ♣. ♣♣.♣♣ ♣. $ #♣$≈.♣#
##.# #.≈≈≈.# #.$. #.≈≈≈.#
##.V.## ♣ #.≈≈≈.# ♣.TW.Z# .#
#.≈≈≈.# ♣♣.PyP.##.#$ #♣$$≈♣#
....P≈PC@.# #.≈≈≈.#
.♣♣.PPPQ##.# #♣≈≈≈♣# ♣.YD.O# .#
#.≈≈≈.# ##.(.## ♣ #$≈≈≈.# #.F.
#$≈≈≈.# ##.# #.≈≈≈.# ♣. #♣.≈.♣#
♣. ♣♣.♣♣
#########################.###.#


You could see a frost giant, a tengu reaver, an eight-headed hydra, a two-headed
ogre, a goliath frog shaped shifter (wandering), a yak (wandering), a troll, a
vampire, a wraith, a vampire mosquito and a centaur warrior zombie.

Vanquished Creatures
  A boulder beetle (D:10)
  An ogre mage (D:10)
  2 two-headed ogres
  A skeletal warrior (D:11)
  Pikel (D:8)
  A harpy (D:10)
  A deep elf pyromancer (D:10)
  An ugly thing (D:11)
  An orc sorcerer (D:10)
  2 cyclopes (D:11)
  A torpor snail (shapeshifter) (D:10)
  3 komodo dragons
  A troll (D:9)
  A slime creature (D:11)
  A wraith (D:11)
  9 yaks
  A wyvern (D:9)
  2 vampire mosquitoes (D:11)
  An acid dragon (D:11)
  Duvessa (D:6)
  3 orc warriors
  5 ice beasts
  2 black bears
  A sky beast (D:8)
  9 centaurs
  3 ogres
  4 necrophages
  A lemure (D:8)
  A phantom (D:5)
  2 kobold brigands
  A bullfrog (D:6)
  2 scorpions
  A water moccasin zombie (D:5)
  Dowan (D:6)
  A water moccasin skeleton (D:5)
  16 wights
  3 killer bees (D:10)
  An electric eel (D:11)
  2 howler monkeys
  3 hounds (D:5)
  9 centaur zombies
  7 orc priests
  A centaur skeleton (D:8)
  A gnoll shaman (D:8)
  3 jellies
  3 bullfrog skeletons
  4 iguanas
  8 orc wizards
  2 killer bee zombies
  4 howler monkey zombies
  3 gnolls (D:8)
  7 adders
  An ufetubus (D:3)
  4 worms
  2 dart slugs
  17 orcs
  3 bats
  5 endoplasms
  2 giant cockroaches
  6 goblins
  12 hobgoblins
  7 jackals
  3 quokkas
  2 ball pythons (D:1)
  5 frilled lizards
  12 kobolds
  11 rats
239 creatures vanquished.

Vanquished Creatures (others)
  A plant (D:11)
1 creature vanquished.

Grand Total: 240 creatures vanquished

Notes
Turn   | Place    | Note
-------+----------+-------------------------------------------
     0 | D:1      | Delamore the Octopode Brigand began the quest for the Orb.
     0 | D:1      | Reached XP level 1. HP: 14/14 MP: 1/1
   127 | D:1      | Reached XP level 2. HP: 12/19 MP: 2/2
   363 | D:1      | Reached skill level 6 in Stealth
   862 | D:1      | Reached XP level 3. HP: 24/24 MP: 3/3
  1257 | D:2      | Found a faded altar of an unknown god.
  1739 | D:2      | Reached XP level 4. HP: 20/29 MP: 4/4
  2076 | D:2      | Found Zanesame's Antique Weapon Boutique.
  2247 | D:2      | Found a sacrificial altar of Ru.
  2254 | D:2      | Reached skill level 7 in Stealth
  3891 | D:3      | Found a glowing silver altar of Zin.
  3990 | D:4      | Reached XP level 5. HP: 34/34 MP: 5/5
  4148 | D:4      | Found a staircase to the Ecumenical Temple.
  4163 | Temple   | Entered the Ecumenical Temple
  4371 | D:4      | Noticed a necrophage
  4376 | D:4      | Killed a necrophage
  4377 | D:4      | Reached skill level 8 in Stealth
  4377 | D:4      | Reached XP level 6. HP: 38/39 MP: 6/6
  4521 | D:4      | Found an opulent altar of Gozag.
  4646 | D:4      | Became a worshipper of Gozag Ym Sagoz the Greedy
  4681 | D:5      | Entered Level 5 of the Dungeon
  5026 | D:5      | Reached skill level 9 in Stealth
  5026 | D:5      | Reached XP level 7. HP: 33/45 MP: 7/7
  5168 | D:5      | Found Amig's Magic Scroll Shoppe.
  5189 | D:5      | Bought a scroll of fog for 26 gold pieces
  5189 | D:5      | Bought a scroll of identify for 26 gold pieces
  5397 | D:5      | Reached skill level 10 in Stealth
  5653 | D:5      | Reached skill level 5 in Short Blades
  5653 | D:5      | Reached XP level 8. HP: 50/50 MP: 8/8
  5776 | D:5      | Noticed a komodo dragon
  5781 | D:5      | Killed a komodo dragon
  5782 | D:5      | Reached skill level 5 in Throwing
  6708 | D:6      | Reached skill level 1 in Evocations
  6931 | D:6      | Reached XP level 9. HP: 47/55 MP: 9/9
  7222 | D:6      | Noticed Duvessa
  7222 | D:6      | Noticed Dowan
  7228 | D:6      | Killed Dowan
  7237 | D:6      | Killed Duvessa
  7614 | D:6      | Found a bloodstained altar of Trog.
  8656 | D:6      | Reached skill level 11 in Stealth
 10207 | D:7      | Reached XP level 10. HP: 30/59 MP: 10/10
 10995 | D:8      | Noticed Pikel
 11013 | D:8      | Killed Pikel
 11122 | D:8      | Reached skill level 5 in Fighting
 11158 | D:8      | Reached skill level 5 in Evocations
 12144 | D:8      | Bought a scroll of identify for 24 gold pieces
 12144 | D:8      | Bought a scroll of fear for 42 gold pieces
 12174 | D:9      | Reached skill level 5 in Dodging
 12174 | D:9      | Reached skill level 12 in Stealth
 12513 | D:9      | Noticed a two-headed ogre
 12567 | D:9      | Killed a two-headed ogre
 13173 | D:9      | Reached skill level 13 in Stealth
 13390 | D:10     | Entered Level 10 of the Dungeon
 13390 | D:10     | Found an ancient bone altar of Kikubaaqudgha.
 13392 | D:10     | Reached XP level 11. HP: 71/71 MP: 11/11
 13938 | D:10     | Reached skill level 10 in Short Blades
 14034 | D:10     | Found a runed translucent door.
 14034 | D:10     | Noticed a deep elf pyromancer
 14035 | D:10     | Noticed a harpy
 14037 | D:10     | Killed a deep elf pyromancer
 14228 | D:10     | Found Renwiank's Book Emporium.
 14328 | D:10     | Killed a harpy
 14331 | D:10     | Noticed a boulder beetle
 14353 | D:10     | HP: 1/71 [boulder beetle (28)]
 14714 | D:10     | Killed a boulder beetle
 14898 | D:10     | Noticed an ogre mage
 14900 | D:10     | Killed an ogre mage
 14901 | D:10     | Reached skill level 14 in Stealth
 14901 | D:10     | Noticed an orc sorcerer
 14903 | D:10     | Killed an orc sorcerer
 14922 | D:10     | Got Gasuwol's Reference Book on Ignition
 15211 | D:11     | Found Kurghome's Assorted Antiques.
 15475 | D:11     | Bought a twisted bronze wand for 104 gold pieces
 15560 | D:11     | Noticed a two-headed ogre
 15562 | D:11     | Noticed a cyclops
 15572 | D:11     | Killed a two-headed ogre
 15580 | D:11     | Killed a cyclops
 15581 | D:11     | Reached XP level 12. HP: 51/77 MP: 12/12
 16327 | D:11     | Reached skill level 15 in Stealth
 17066 | D:11     | Noticed a fire dragon
 17066 | D:11     | Noticed a two-headed ogre
 17066 | D:11     | Noticed an eight-headed hydra
 17066 | D:11     | Noticed a frost giant
 17066 | D:11     | Noticed a tengu reaver
 17068 | D:11     | Noticed a fire dragon
 17068 | D:11     | a wolf spider changed into a fire dragon
 17070 | D:11     | a fire dragon changed into a goliath frog
 17072 | D:11     | Annihilated by a frost giant

Illustrated notes

Levels and vault maps discovered:
D:1:      lemuel_arrival_funnel, layout_loops_ring, minmay_small_reverse_x
D:2:      layout_loops_corners, basic_altar, serial_shops, shop,
          shapermc_ecumenical_altar_mp_highgroup, minmay_goblin_outpost
D:3:      layout_basic, mainiacjoe_overflow_alcove_2, grunt_decor_one_mirror,
          chequers_serial_rivers_large_b, minmay_misc_feat_enclosed
D:4:      layout_basic, marbit_many_paths, minmay_temple_entry_gardened_gates,
          corexii_item_surrounded_by_moat
D:5:      minmay_recursive_quarters, layout_cave_pods, serial_shops,
          nicolae_shop_crystal, kennysheep_generic_room_11
D:6:      layout_loops_ring, trog_book, uniq_duvessa
D:7:      layout_gridville
D:8:      layout_cave_pods, uniq_pikel
D:9:      minmay_inner_zag, layout_basic
D:10:     layout_rooms, lemuel_tele_altar, serial_shops, nicolae_square_shop,
          minivault_13
D:11:     nzn_winding_woodlands_huge [nzn_winding_woodlands_5x15_river_crossing,
          nzn_winding_woodlands_5x15_pool,
          nzn_winding_woodlands_5x15_sidewinder,
          nzn_winding_woodlands_5x15_pockets, nzn_winding_woodlands_5x15_eye,
          nzn_winding_woodlands_5x15_zeroes,
          nzn_winding_woodlands_5x15_concentric,
          nzn_winding_woodlands_5x15_cabin, nzn_winding_woodlands_5x15_crooked,
          nzn_winding_woodlands_5x15_default,
          nzn_winding_woodlands_center_garden,
          nzn_winding_woodlands_center_diamonds,
          nzn_winding_woodlands_15x15_thick_spiral], layout_basic, serial_shops,
          nicolae_stop_n_shop_1
Temple:   compressed_dpeg_circular_temple

Skill      XL: |  1  2  3  4  5  6  7  8  9 10 11 12 |
---------------+-------------------------------------+-----
Stealth        | 6 7 8 9 10 11 13 14 15 | 15.0
Short Blades   | 3 4 5 7 8 9 10 | 10.0
Throwing       | 3 4 5 7 9 |  9.0
Evocations     | 1 4 5 8 9 |  9.5
Dodging        | 2 4 5 |  5.0
Fighting       | 4 5 |  5.0

Action                   |  1- 3 |  4- 6 |  7- 9 | 10-12 || total
-------------------------+-------+-------+-------+-------++-------
Melee: Dagger            |    73 |   100 |   181 |   346 ||   700
       Constrict         |    11 |    17 |    30 |    28 ||    86
       Tentacles         |     7 |    14 |    36 |    77 ||   134
Throw: Dart              |       |     5 |     1 |    17 ||    23
       Javelin           |       |       |       |     6 ||     6
Invok: Call Merchant     |       |       |       |     1 ||     1
       Potion Petition   |       |       |       |     1 ||     1
  Use: Scroll            |     1 |     6 |     4 |     8 ||    19
       Potion            |       |       |     4 |     3 ||     7
 Stab: Sleeping          |    13 |    14 |    22 |    27 ||    76
       Distracted        |       |       |     2 |     2 ||     4
Armor: Skin              |     2 |     3 |    17 |    61 ||    83
Dodge: Dodged            |    31 |    41 |    70 |   205 ||   347
